 Dungeon Crawl Stone Soup version 0.24.1-8-ga250c9d538 (webtiles) character file.

Game seed: 6375798638954641411, levelgen mode: deterministic

288 Hugehornet the Changer (level 6, -1/38 HPs)
             Began as an Octopode Transmuter on May 2, 2020.
             Was a Follower of Cheibriados.
             Slain by a goblin
             ... wielding a +0 club
             ... led by Robin
              (2 damage)
             ... on level 3 of the Dungeon.
             The game lasted 00:04:04 (2068 turns).

Hugehornet the Changer (Octopode Transmuter)        Turns: 2068, Time: 00:04:04

Health: -1/38      AC:  1    Str: 12    XL:     6   Next: 31%
Magic:  9/9        EV: 13    Int: 21    God:    Cheibriados [*.....]
Gold:   40         SH:  0    Dex: 15    Spells: 3/9 levels left

rFire    . . .     SeeInvis .     - Unarmed
rCold    . . .     Gourm    .   (no shield)
rNeg     . . .     Faith    .   (helmet restricted)
rPois    .         Spirit   .   (no amulet)
rElec    .         Reflect  .   (no ring)
rCorr    .         Harm     .   (no ring)
MR       .....                  (no ring)
Stlth    ++........             (no ring)
HPRegen  0.12/turn              (no ring)
MPRegen  0.11/turn              (no ring)
                                (no ring)
                                (no ring)

@: lethally poisoned (-1 -> -12), appendage, invisible, very slow
A: almost no armour, stealthy swim, amphibious, 8 rings, constrict 8, tentacle
spike 3, camouflage 1, gelatinous body 1
a: End Transformation, Bend Time, Renounce Religion


You were on level 3 of the Dungeon.
You worshipped Cheibriados.
Cheibriados was aware of your devotion.
You were not hungry.
One of your tentacles had a temporary spike.
You visited 1 branch of the dungeon, and saw 3 of its levels.

You collected 40 gold pieces.

Inventory:

Missiles
 a - 73 arrows
Scrolls
 b - 3 scrolls of identify {unknown}
 f - 2 scrolls of enchant armour {unknown}
 g - 2 scrolls of amnesia {unknown}
 i - a scroll of enchant weapon {unknown}
 k - a scroll of remove curse {unknown}
 m - a scroll of magic mapping {unknown}
Potions
 d - 2 potions of lignification {unknown}
 e - a potion of invisibility
 h - a potion of resistance {unknown}
 j - a potion of ambrosia {unknown}
 l - a potion of degeneration {unknown}
Comestibles
 c - 11 rations
 n - 8 chunks of flesh


   Skills:
 - Level 1.0 Fighting
 - Level 2.0 Dodging
 * Level 4.6 Unarmed Combat
 - Level 2.0 Spellcasting
 - Level 4.8 Transmutations
 - Level 2.5 Poison Magic


You had 3 spell levels left.
You knew the following spells:

 Your Spells              Type           Power        Failure   Level  Hunger
a - Beastly Appendage     Tmut           ###...       1%          1    #......
b - Sticks to Snakes      Tmut           ###.....     3%          2    ##.....
c - Spider Form           Tmut/Pois      ###.......   10%         3    ###....

Your spell library contained the following spells:

 Spells                   Type           Power        Failure   Level  Hunger
 Ice Form                 Ice/Tmut       ##......     50%         4    #####..
 Blade Hands              Tmut           ###.......   50%         5    ######.


Dungeon Overview and Level Annotations

Branches:
Dungeon (3/15)

Altars:
Cheibriados


Innate Abilities, Weirdness & Mutations

You cannot wear most types of armour.
You are very stealthy in the water. (Stealth+)
You are amphibious.
You can wear up to eight rings at the same time.
You can use your tentacles to constrict eight enemies at once.
Your skin changes colour to match your surroundings (Stealth+).
Your rubbery body absorbs attacks. (AC +1, EV +1)
One of your tentacles bears a large vicious spike.


Message History

You kill Robin!
Cheibriados appreciates the change of pace.
* * * LOW HITPOINT WARNING * * *
You feel sick.
A goblin comes into view. It is wielding a +0 club.
* * * LOW HITPOINT WARNING * * *
You feel sick.
* * * LOW HITPOINT WARNING * * *
You feel sick. The goblin barely misses you.
* * * LOW HITPOINT WARNING * * *
You feel sick.
* * * LOW HITPOINT WARNING * * *
You feel sick.
* * * LOW HITPOINT WARNING * * *
You feel sick. The goblin completely misses you.
It was a potion of invisibility.
You fade into invisibility!
* * * LOW HITPOINT WARNING * * *
You feel sick. The goblin hits you with a +0 club.
You die...

##### ######### #
#.......# ###
#.#####.##### #..
#.##........#### #.#
#.##.##........# #.
#..<.....##.##.#####
####.###.##.)......#
#..@.#########.###.#
#..g#.##...###.###.#
###....##....##..##...
#.##.####......÷###..#
#)#.# ##.....#.÷.....
#..###.##..######.#.
##)#...##### #.#.
.###..# .... # ####
#.##.


You could see a goblin.

Vanquished Creatures
  Sigmund (D:3)
  Robin (D:3)
  4 adders
  2 oozes (D:1)
  A worm (D:2)
  A dart slug (D:2)
  2 leopard geckos (D:1)
  4 bats
  10 goblins
  6 hobgoblins
  A quokka (D:3)
  4 frilled lizards
  4 kobolds
  26 rats
67 creatures vanquished.

Notes
Turn   | Place    | Note
-------+----------+-------------------------------------------
     0 | D:1      | Hugehornet the Octopode Transmuter began the quest for the
                  | Orb.
     0 | D:1      | Reached XP level 1. HP: 13/13 MP: 3/3
   118 | D:1      | Reached XP level 2. HP: 18/18 MP: 3/5
   489 | D:1      | Reached XP level 3. HP: 23/23 MP: 4/6
   493 | D:1      | Learned a level 2 spell: Sticks to Snakes
   497 | D:1      | Learned a level 3 spell: Spider Form
  1237 | D:2      | Found a snail-covered altar of Cheibriados.
  1262 | D:2      | Became a worshipper of Cheibriados the Contemplative
  1281 | D:2      | Reached skill level 1 in Poison Magic
  1281 | D:2      | Reached XP level 4. HP: 26/28 MP: 5/7
  1884 | D:3      | Reached * piety under Cheibriados
  1971 | D:3      | Noticed Sigmund
  1988 | D:3      | Killed Sigmund
  1988 | D:3      | Reached XP level 5. HP: 14/33 MP: 5/8
  1988 | D:3      | Reached XP level 6. HP: 16/38 MP: 5/9
  2056 | D:3      | Noticed Robin
  2062 | D:3      | Killed Robin
  2068 | D:3      | HP: 1/38 [poisoned by Robin]
  2068 | D:3      | Slain by a goblin

Levels and vault maps discovered:
D:1:      nzn_arrival_depleted_hourglass, layout_basic, due_unseen_surprise
D:2:      layout_rooms, kennysheep_slug_shrine
D:3:      layout_loops_cross, minmay_rat_hole, uniq_sigmund, uniq_robin

Skill      XL: |  1  2  3  4 |
---------------+-------------+-----
Transmutations | 3 4 |  4.8
Poison Magic   | 1 2 |  2.5
Unarmed Combat | 4 |  4.6
Fighting       | |  1.0
Dodging        | |  2.0
Spellcasting   | |  2.0

Action                   |  1- 3 |  4- 6 || total
-------------------------+-------+-------++-------
Melee: Unarmed           |    88 |    66 ||   154
       Constrict         |    21 |    13 ||    34
       Kick              |    13 |     8 ||    21
       Tentacles         |     7 |     7 ||    14
       Punch             |     2 |       ||     2
 Cast: Beastly Appendage |    25 |     4 ||    29
       Spider Form       |       |     2 ||     2
  Use: Potion            |       |     1 ||     1
 Stab: Sleeping          |     7 |       ||     7
  Eat: Chunk             |     2 |     2 ||     4
Armor: Skin              |     6 |     4 ||    10
Dodge: Dodged            |    55 |    40 ||    95
